 Dungeon Crawl Stone Soup version 0.15-a0-335-g04a2ae6 (webtiles) character file.

596 4tharraofdagon the Chopper (level 6, -7/53 HPs)
             Began as a Minotaur Gladiator on May 1, 2014.
             Was an Initiate of the Shining One.
             Killed by divine providence
             ... invoked by an orc priest
              (9 damage)
             ... on Level 6 of the Dungeon.
             The game lasted 00:06:39 (1251 turns).

4tharraofdagon the Chopper (Minotaur Gladiator)     Turns: 1251, Time: 00:06:39

HP  -7/53        AC 11     Str 19      XL: 6   Next: 39%
MP   3/3         EV  7     Int  7      God: the Shining One [......]
Gold 233         SH  0     Dex 11      Spells:  0 memorised,  5 levels left

rFire  + . .     SeeInvis .     a - +1,+0 war axe
rCold  . . .     Clarity  .     i - +0 chain mail (curse)
rNeg   . . .     Conserve .     (no shield)
rPois  .         rCorr    .     c - +1 hat
rElec  .         rRot     .     (no cloak)
SustAb . .       Spirit   .     s - +0 pair of gloves
rMut   .         Warding  .     (no boots)
Saprov . . .     Stasis   .     (no amulet)
MR     .....                    l - ring of protection from cold
                                k - ring of fire

@: not resistant to hostile enchantments, extremely unstealthy
A: retaliatory headbutt, horns 2
a: Renounce Religion


You were on level 6 of the Dungeon.
You worshipped the Shining One.
The Shining One was noncommittal.
You were not hungry.

You visited 1 branch of the dungeon, and saw 6 of its levels.

You collected 233 gold pieces.

Inventory:

Hand weapons
 a - a +1,+0 war axe (weapon)
 d - a +1 blowgun
Missiles
 n - 12 poisoned needles
Armour
 b - a +0 leather armour
 c - a +1 hat (worn)
 i - a cursed +0 chain mail (worn)
 s - a +0 pair of gloves (worn)
Magical devices
 p - a wand of magic darts (16)
Comestibles
 f - 3 bread rations
 o - a meat ration
Scrolls
 h - 2 scrolls of identify
 q - a scroll of fog {unknown}
 r - a scroll of enchant armour
 t - a scroll of noise {unknown}
 v - a scroll of remove curse {unknown}
 w - a scroll of blinking {unknown}
Jewellery
 k - a ring of fire (left hand)
 l - a ring of protection from cold (right hand)
Potions
 e - a potion of haste
 g - 2 potions of curing
 m - a potion of invisibility
 u - a potion of resistance


   Skills:
 + Level 4.4 Fighting
 * Level 6.7 Axes
 - Level 2.0 Throwing
 + Level 3.6 Armour
 - Level 3.2 Dodging


You had 5 spell levels left.
You didn't know any spells.

Dungeon Overview and Level Annotations

Branches:
Dungeon (6/15)
 Temple: D:4-7

Altars:
Ashenzari
Dithmenos
Xom
Yredelemnul
The Shining One


Innate Abilities, Weirdness & Mutations

You reflexively headbutt those who attack you in melee.
You have a pair of horns on your head.


Message History

The giant newt bites you but does no damage.
You hit the giant newt.
You kill the giant newt!
You open the door.
There is an open door here.
Found an escape hatch in the ceiling.
There is an open door here.
There is an open door here.
You see here a giant gecko corpse.
The orc priest shouts!
The orc priest calls down the wrath of Beogh upon you.
Something smites you!
* * * LOW HITPOINT WARNING * * *
The orc priest mumbles some strange prayers to Beogh against you.
Pain shoots through your body!
* * * LOW HITPOINT WARNING * * *
Unknown command.
The orc priest calls down the wrath of Beogh upon you.
Something smites you!
You die...

######### #.......# #####
############.......#####....
#.........#.@..........##....
#.........#.#.......##..#....
#.........#.#.......###......
#......%..%.#....)o.# ###....
#.........########o## #....
#.........# #.# ###.#
#.........# ###.# #.<
########'## #<..# ###
#......# ##l### ### #.######
#....# #### #..


You could see an orc priest and an orc (wandering).

Vanquished Creatures
  2 ogres
  2 hounds
  An orc wizard (D:3)
  6 adders
  2 giant eyeballs
  2 giant geckos
  An ooze (D:4)
  4 orcs
  7 bats
  6 hobgoblins
  2 quokkas
  A giant cockroach (D:2)
  2 giant newts
  3 goblins
  2 kobolds
  4 rats
47 creatures vanquished.

Notes
Turn   | Place    | Note
--------------------------------------------------------------
     0 | D:1      | 4tharraofdagon, the Minotaur Gladiator, began the quest for the Orb.
     0 | D:1      | Reached XP level 1. HP: 18/18 MP: 1/1
    58 | D:1      | Reached skill level 4 in Axes
   128 | D:2      | Reached XP level 2. HP: 20/25 MP: 1/1
   209 | D:2      | Reached skill level 1 in Armour
   270 | D:3      | Reached XP level 3. HP: 22/30 MP: 2/2
   311 | D:3      | Reached skill level 5 in Axes
   313 | D:3      | Reached XP level 4. HP: 25/38 MP: 2/2
   419 | D:3      | Found a shattered altar of Ashenzari.
   458 | D:4      | Paralysed by a giant eyeball for 2 turns
   461 | D:4      | Paralysed by a giant eyeball for 2 turns
   568 | D:4      | Noticed an ogre
   579 | D:4      | HP: 1/38 [ogre/giant spiked club (3)]
   581 | D:4      | Killed an ogre
   581 | D:4      | Reached skill level 6 in Axes
   581 | D:4      | Reached XP level 5. HP: 1/46 MP: 2/2
   787 | D:5      | Entered Level 5 of the Dungeon
   797 | D:5      | Paralysed by a giant eyeball for 2 turns
   861 | D:5      | Found a shimmering altar of Xom.
   861 | D:5      | Found a shadowy altar of Dithmenos.
   882 | D:5      | Noticed an ogre
   886 | D:5      | Killed an ogre
   886 | D:5      | Reached XP level 6. HP: 52/52 MP: 3/3
   931 | D:6      | Found a basalt altar of Yredelemnul.
   974 | D:5      | Found a glowing golden altar of the Shining One.
  1046 | D:5      | Became a worshipper of the Shining One
  1138 | D:6      | Found a shattered altar of Ashenzari.
  1250 | D:6      | HP: 2/53 [orc priest/nerve-wracking pain (5)]
  1251 | D:6      | Killed from afar by an orc priest

Action                   |  1- 3 |  4- 6 || total
-------------------------+-------+-------++-------
Melee: War axe           |    30 |    77 ||   107
Throw: Throwing net      |     4 |     3 ||     7
Evoke: Wand              |       |     1 ||     1
  Use: Potion            |     7 |     3 ||    10
       Scroll            |       |     5 ||     5
 Stab: Sleeping          |     1 |       ||     1
       Held in net/web   |     1 |       ||     1
